[Event "Top 12 FRA-chT 2017"]
[Site "Chartres"]
[Date "2017.05.21"]
[Round "4"]
[White "Rodon, Gurvan"]
[Black "Philippe, Christophe"]
[Result "1/2-1/2"]
[ECO "A56"]
[WhiteElo "2047"]
[BlackElo "2386"]
[Annotator "NA"]
[PlyCount "97"]
[EventDate "2017.??.??"]
[EventType "team-tourn"]
[EventCountry "FRA"]
[SourceTitle "playchess.com"]
[Source "ChessBase"]
[SourceQuality "1"]
[WhiteTeam "Lisieux"]
[BlackTeam "Vandoeuvre"]
[TimeControl "40/5400+30:1800+30"]

1. d4 Nf6 2. c4 c5 3. Nf3 cxd4 4. Nxd4 b6 5. Nc3 Bb7 6. f3 e6 7. e4 Bb4 8. Qb3 Na6 9. a3 Bc5 10. Be3 O-O 11. Be2 d5 12. cxd5 exd5 13. e5 Re8 14. f4 Ng4 15. Bg1 Qh4+ 16. g3 Qh3 17. O-O-O Rac8 18. Kb1 Bxd4 19. Bxd4 Nc5 20. Bxc5 Rxc5 21. Bxg4 Qxg4 22. Rd4 Rxe5 23. Qa4 Re7 24. Qxa7 Qg6+ 25. Ka1 h6 26. Rhd1 Rec7 27. Qa4 Kh7 28. Rb4 Rc4 29. Qb3 Rxb4 30. Qxb4 Qc2 31. Qd4 Rc4 32. Qd3+ Qxd3 33. Rxd3 d4 34. Ne2 Rc2 35. Nxd4 Rxh2 36. Re3 h5 37. Kb1 h4 38. gxh4 Rxh4 39. Rb3 Rxf4 40. Rxb6 Bd5 41. Ne2 Rf2 42. Nc3 Bf3 43. Rb5 Kh6 44. Nd5 g5 45. Kc1 g4 46. Ne3 g3 47. Nf5+ Kg5 48. Nxg3+ Kg4 49. Rf5 1/2-1/2

[Event "Top 12 FRA-chT 2017"]
[Site "Chartres"]
[Date "2017.05.21"]
[Round "4"]
[White "Dacalor, Aurelie"]
[Black "Vitoux, Colomban"]
[Result "0-1"]
[ECO "A50"]
[WhiteElo "1997"]
[BlackElo "2382"]
[Annotator "NA"]
[PlyCount "74"]
[EventDate "2017.??.??"]
[EventType "team-tourn"]
[EventCountry "FRA"]
[SourceTitle "playchess.com"]
[Source "ChessBase"]
[SourceQuality "1"]
[WhiteTeam "Bois-Colombes"]
[BlackTeam "Strasbourg"]
[TimeControl "40/5400+30:1800+30"]

1. d4 Nf6 2. c4 b6 3. Nc3 Bb7 4. Nf3 g6 5. g3 d5 6. Bg2 Bg7 7. O-O O-O 8. cxd5 Nxd5 9. Re1 Nxc3 10. bxc3 c5 11. Bb2 Nc6 12. e4 e6 13. Rb1 Na5 14. Qe2 Qc8 15. Bf1 Rd8 16. Ba1 Qc6 17. Bg2 Rac8 18. Rbd1 Qa4 19. Rc1 Nc4 20. g4 b5 21. dxc5 Rxc5 22. Rcd1 Rcc8 23. Nd4 e5 24. Nb3 Qa3 25. g5 Qe7 26. h4 h6 27. Bh3 Rxd1 28. Rxd1 Rd8 29. Rxd8+ Qxd8 30. Nc5 Bc8 31. Bxc8 Qxc8 32. Nb3 Qh3 33. Nd2 Nxd2 34. Qxd2 Qg4+ 35. Kf1 Qxh4 36. Bb2 Qh1+ 37. Ke2 Qxe4+ 0-1

[Event "Top 12 FRA-chT 2017"]
[Site "Chartres"]
[Date "2017.05.22"]
[Round "5"]
[White "Choisy, Mathilde"]
[Black "Baldi, Valentine"]
[Result "0-1"]
[ECO "C42"]
[WhiteElo "2153"]
[BlackElo "1862"]
[Annotator "NA"]
[PlyCount "72"]
[EventDate "2017.??.??"]
[EventType "team-tourn"]
[EventCountry "FRA"]
[SourceTitle "playchess.com"]
[Source "ChessBase"]
[SourceQuality "1"]
[WhiteTeam "Mulhouse Philidor"]
[BlackTeam "Bois-Colombes"]
[TimeControl "40/5400+30:1800+30"]

1. e4 e5 2. Nf3 Nf6 3. Nxe5 Nxe4 4. Qe2 Qe7 5. Qxe4 d6 6. d4 dxe5 7. dxe5 Nc6 8. Bb5 Bd7 9. O-O O-O-O 10. Nc3 Nxe5 11. Be3 Bxb5 12. Nxb5 a6 13. Nc3 Qe6 14. Rad1 Bd6 15. h3 f5 16. Qd5 Qe7 17. Qd4 Nc6 18. Nd5 Qf7 19. Qc4 Kb8 20. Qa4 h6 21. b4 f4 22. Bc1 f3 23. g3 Qh5 24. Kh2 Bxg3+ 25. fxg3 Rxd5 26. Rxd5 Qxd5 27. Qb3 Qe4 28. Qxf3 Qxc2+ 29. Qf2 Qc4 30. a3 Re8 31. Re1 Ne5 32. Be3 Qd5 33. Rf1 g5 34. Bd4 Ka8 35. Qf7 Nd3 36. Rf2 Re2 0-1

[Event "Top 12 FRA-chT 2017"]
[Site "Chartres"]
[Date "2017.05.22"]
[Round "5"]
[White "De Seroux, Camille"]
[Black "Aflalo, Sophie"]
[Result "1-0"]
[ECO "B24"]
[WhiteElo "2117"]
[BlackElo "2135"]
[Annotator "NA"]
[PlyCount "79"]
[EventDate "2017.??.??"]
[EventType "team-tourn"]
[EventCountry "FRA"]
[SourceTitle "playchess.com"]
[Source "ChessBase"]
[SourceQuality "1"]
[WhiteTeam "Grasse Echecs"]
[BlackTeam "Tremblay-En-France"]
[TimeControl "40/5400+30:1800+30"]

1. e4 c5 2. Nc3 Nc6 3. Bb5 Nd4 4. Nf3 a6 5. Bc4 Nf6 6. d3 e6 7. O-O d5 8. exd5 exd5 9. Nxd5 Nxd5 10. Nxd4 cxd4 11. Qh5 Be7 12. Qxd5 O-O 13. Qxd8 Rxd8 14. Re1 Bb4 15. Bg5 Bxe1 16. Bxd8 Be6 17. Rxe1 Rxd8 18. Bxe6 fxe6 19. Rxe6 Rc8 20. Re2 Rc5 21. f4 Kf7 22. Kf2 Kf6 23. Kf3 Rb5 24. c4 dxc3 25. bxc3 Rb1 26. Ke4 Ke6 27. c4 Rb4 28. d4 Kd6 29. Kd3 Ra4 30. c5+ Kd5 31. Re5+ Kc6 32. Re6+ Kd7 33. Rb6 Kc7 34. Rb2 Ra3+ 35. Ke4 Rc3 36. g4 a5 37. f5 h6 38. Rb6 Ra3 39. Rg6 Rxa2 40. Rxg7+ 1-0

[Event "Top 12 FRA-chT 2017"]
[Site "Chartres"]
[Date "2017.05.23"]
[Round "6"]
[White "Le Borgne, Pierre"]
[Black "Grollemund, Bertrand"]
[Result "0-1"]
[ECO "B06"]
[WhiteElo "2234"]
[BlackElo "2182"]
[Annotator "NA RC"]
[PlyCount "72"]
[EventDate "2017.??.??"]
[EventType "team-tourn"]
[EventCountry "FRA"]
[SourceTitle "playchess.com"]
[Source "ChessBase"]
[SourceQuality "1"]
[WhiteTeam "Lisieux"]
[BlackTeam "Montpellier"]
[TimeControl "40/5400+30:1800+30"]

1. e4 g6 2. d4 Bg7 3. Nc3 d6 4. Be3 a6 5. Qd2 Nd7 6. O-O-O b5 7. h4 {[%emt 0:00:54] B06: Modern Defence} h6 8. f3 c6 (8... Bb7 9. Nh3 Rc8 10. e5 dxe5 11. dxe5 Bxe5 12. h5 g5 13. f4 gxf4 14. Bxf4 Bd6 15. Nf2 {1-0 (35) Dubov,D (2661)-Malakhov,V (2694) Moscow 2015}) 9. g4 Nb6 10. Nh3 b4 $146 ({Predecessor:} 10... a5 11. Nf2 a4 12. f4 Ba6 13. Nb1 Nf6 14. c3 Qb8 {1-0 (69) Hvenekilde,J (2267)-Helin,M (2066) Copenhagen 2001}) 11. Nb1 a5 $1 12. a3 Ba6 13. Bxa6 ({Don't play} 13. axb4 Bxf1 14. Rhxf1 (14. Rdxf1 Nc4 $15) 14... Nc4 $11) 13... Rxa6 14. axb4 Qa8 15. e5 (15. Nf4 $14) 15... Nc4 (15... axb4 $11 {remains equal.} 16. exd6 Nd5) 16. Qd3 d5 (16... Nxe3 $11 {and Black has nothing to worry.} 17. Qxe3 axb4) 17. e6 axb4 18. exf7+ Kxf7 19. b3 $11 (19. Rhe1 $14) 19... Na3 20. Nxa3 bxa3 21. Kb1 a2+ 22. Ka1 c5 23. c3 Rb6 24. Nf4 c4 25. bxc4 Qa3 26. Rh2 Nf6 27. c5 Rb1+ 28. Rxb1 axb1=Q+ 29. Kxb1 Rb8+ 30. Kc2 Rb2+ 31. Kd1 Rxh2 32. Qxg6+ Kg8 33. Ne6 Qb3+ 34. Ke1 Qxc3+ 35. Kd1 Qb3+ 36. Kc1 Qxe3+ 0-1

[Event "Top 12 FRA-chT 2017"]
[Site "Chartres"]
[Date "2017.05.23"]
[Round "6"]
[White "Leconte, Maria"]
[Black "Maisuradze, Nino"]
[Result "1-0"]
[ECO "B40"]
[WhiteElo "2174"]
[BlackElo "2260"]
[Annotator "NA RC"]
[PlyCount "71"]
[EventDate "2017.??.??"]
[EventType "team-tourn"]
[EventCountry "FRA"]
[SourceTitle "playchess.com"]
[Source "ChessBase"]
[SourceQuality "1"]
[WhiteTeam "Saint Quentin"]
[BlackTeam "Bischwiller"]
[TimeControl "40/5400+30:1800+30"]

1. e4 c5 2. Nf3 e6 3. c3 d5 4. exd5 Qxd5 5. d4 Nf6 6. Be3 cxd4 7. cxd4 Nc6 8. Nc3 Qd6 9. a3 Be7 10. Bd3 O-O 11. O-O b6 12. Qe2 Bb7 13. Rad1 Rac8 14. Rfe1 Rfd8 {[%emt 0:02:39] Bg} 15. Bg5 {[%emt 0:01:11] B22: Sicilian: 2 c3} Qb8 16. Bb1 a6 $2 $146 {[%emt 0:12:02] [#]} (16... Re8 $16 {was called for.}) ({Predecessor:} 16... Nd5 17. Qe4 g6 18. Qh4 Qc7 19. Ba2 Nxc3 20. bxc3 Bxa3 21. Bxd8 Nxd8 22. d5 exd5 23. Re8+ Bf8 24. Qh6 Ne6 25. Ng5 {1-0 (25) Zumsande,M (2403)-Mas,H (2391) Haarlem 2009}) 17. d5 $1 exd5 18. Bxf6 $2 (18. Qd3 $18 {is more deadly.} g6 {[#]} 19. Rxe7 $1 Nxe7 20. Bxf6) 18... Bxf6 19. Nxd5 Qd6 20. Nxf6+ Qxf6 21. Rxd8+ Qxd8 22. Ng5 g6 23. h4 Nd4 24. Qg4 h5 {[%emt 0:02:48] [#]} 25. Qf4 $1 f5 $2 (25... Qd5 $16 26. Be4 Qc4) 26. Ba2+ Bd5 27. Re8+ Qxe8 28. Bxd5+ Kf8 29. Qxd4 Qe1+ 30. Kh2 Ke7 $18 31. Nf3 Qc1 32. Qe5+ Kf8 33. Qf6+ Ke8 34. Bf7+ Kd7 35. Be6+ Kc7 36. Qe5+ 1-0

[Event "Top 12 FRA-chT 2017"]
[Site "Chartres"]
[Date "2017.05.23"]
[Round "6"]
[White "Rodon, Gurvan"]
[Black "Ouakhir, Pierre Mehdi"]
[Result "1/2-1/2"]
[ECO "D45"]
[WhiteElo "2047"]
[BlackElo "2277"]
[Annotator "NA RC"]
[PlyCount "58"]
[EventDate "2017.??.??"]
[EventType "team-tourn"]
[EventCountry "FRA"]
[SourceTitle "playchess.com"]
[Source "ChessBase"]
[SourceQuality "1"]
[WhiteTeam "Lisieux"]
[BlackTeam "Montpellier"]
[TimeControl "40/5400+30:1800+30"]

1. d4 d5 2. c4 e6 3. Nc3 c6 4. e3 Nf6 5. Nf3 Nbd7 6. Qc2 Bd6 7. Be2 O-O 8. O-O Re8 9. Rd1 Qe7 10. h3 h6 11. a3 dxc4 12. Bxc4 e5 13. Nh4 Nf8 {[%emt 0:04:44] D45: Semi-Slav: 5 e3} 14. Nf5 (14. dxe5 Bxe5 15. Bd2 Bc7 16. Nf5 Qe5 17. Ng3 Be6 18. Bd3 Rad8 19. Nce2 Bb6 20. b4 Ng6 21. a4 {1-0 (44) Karpov,A (2770)-Lautier,J (2645) Dortmund 1995}) 14... Bxf5 $1 15. Qxf5 {[%emt 0:00:07] LiveBook: 9 Games} e4 16. h4 {[%emt 0:08:14] [#]} Qd7 $146 ({Predecessor:} 16... g6 17. Qh3 Rad8 18. Bd2 N8d7 19. Rac1 Nb6 20. Be2 Nbd5 21. Nxd5 Nxd5 {0-1 (34) Kononenko,T (2378)-Korneev,O (2645) Seville 2008}) 17. Qxd7 N8xd7 18. b4 b5 (18... a6 $11) 19. Bf1 Nb6 20. d5 Be5 21. Bb2 Nfxd5 (21... Bxc3 $5 22. Bxc3 Nfxd5 $15) 22. Nxd5 Bxb2 23. Nxb6 axb6 24. Ra2 $1 Bf6 25. Rc1 Re6 26. Rac2 Rxa3 27. Rxc6 Rxc6 28. Rxc6 Bc3 29. Rxb6 $14 Bxb4 1/2-1/2

[Event "Top 12 FRA-chT 2017"]
[Site "Chartres"]
[Date "2017.05.24"]
[Round "7"]
[White "Boudiba, Mahfoud"]
[Black "Godard, Maxence"]
[Result "1-0"]
[ECO "E46"]
[WhiteElo "2409"]
[BlackElo "2329"]
[Annotator "NA"]
[PlyCount "94"]
[EventDate "2017.??.??"]
[EventType "team-tourn"]
[EventCountry "FRA"]
[SourceTitle "playchess.com"]
[Source "ChessBase"]
[SourceQuality "1"]
[WhiteTeam "Tremblay-En-France"]
[BlackTeam "Lisieux"]
[TimeControl "40/5400+30:1800+30"]

1. d4 Nf6 2. c4 e6 3. Nc3 Bb4 4. e3 O-O 5. Nge2 d5 6. a3 Be7 7. Nf4 c6 8. Bd3 Nbd7 9. cxd5 exd5 {[%emt 0:03:58] LiveBook: 60 Games} 10. O-O {[%emt 0:00:12] E46: Nimzo-Indian: Rubinstein: 4 e3 0-0 5 Ne2 without early Bd3} Nb6 (10... Re8 11. f3 Nf8 12. Bc2 Ne6 13. e4 dxe4 14. Nxe6 Bxe6 15. fxe4 c5 16. e5 Nd5 17. Qd3 g6 18. Ba4 cxd4 {0-1 (50) Jones,G (2648)-Almasi,Z (2710) Warsaw 2013}) 11. Bc2 Re8 12. f3 c5 13. Re1 $146 ({Predecessor:} 13. Bb3 Bf5 14. dxc5 Bxc5 15. Nfxd5 Nbxd5 16. Nxd5 Nxd5 17. Qxd5 Qxd5 18. Bxd5 Bxe3+ 19. Bxe3 Rxe3 20. Rfe1 Rae8 21. Kf2 Rxe1 22. Rxe1 Rxe1 {½-½ (22) Wiley,T (2264)-Gschnitzer,O (2440) Deizisau 2013}) 13... Bd6 14. dxc5 Bxc5 15. Kh1 d4 16. b4 Bf8 17. exd4 Qxd4 18. Qxd4 Rxe1+ 19. Qg1 Rxg1+ 20. Kxg1 a5 21. Rb1 $11 axb4 22. axb4 Bd7 23. Be3 Rc8 24. Bxb6 Rxc3 25. Bb3 Bxb4 26. Bxf7+ Kxf7 27. Rxb4 Rc2 28. Rb1 Bc6 29. Re1 Nd7 30. Bd8 g5 31. Re7+ Kg8 32. Re8+ Kf7 33. Re7+ Kg8 34. Ne6 h6 35. Nd4 Rd2 36. Nf5 g4 37. Rg7+ Kf8 38. Be7+ Ke8 39. Nd6+ Rxd6 40. Bxd6 gxf3 41. g4 Nf6 42. Bc5 Ne4 43. Re7+ Kd8 44. Re5 Kd7 45. Be3 b5 46. Rf5 Nd6 47. Rf6 b4 1-0

[Event "Top 12 FRA-chT 2017"]
[Site "Chartres"]
[Date "2017.05.24"]
[Round "7"]
[White "Bollengier, Andreea"]
[Black "De Seroux, Camille"]
[Result "1/2-1/2"]
[ECO "A15"]
[WhiteElo "2234"]
[BlackElo "2117"]
[Annotator "NA"]
[PlyCount "113"]
[EventDate "2017.??.??"]
[EventType "team-tourn"]
[EventCountry "FRA"]
[SourceTitle "playchess.com"]
[Source "ChessBase"]
[SourceQuality "1"]
[WhiteTeam "Nice Alekhine"]
[BlackTeam "Grasse Echecs"]
[TimeControl "40/5400+30:1800+30"]

1. c4 Nf6 2. g3 g6 3. Bg2 Bg7 4. Nf3 O-O 5. d4 d6 6. O-O c6 7. h3 Nbd7 8. Qc2 e5 {[%emt 0:03:56] LiveBook: 3 Games} 9. Rd1 e4 10. Nh2 $15 d5 11. cxd5 cxd5 12. Nc3 Nb6 13. a4 Be6 14. Nf1 Rc8 15. a5 Nc4 16. a6 Qd7 17. axb7 Qxb7 18. Ne3 Nd7 19. Nxc4 Rxc4 20. Ra4 Rfc8 21. e3 Nb6 22. Ra2 Bd7 23. Bd2 Na4 24. Rda1 Rb4 25. Bf1 Bf8 26. Rxa4 Bxa4 27. Rxa4 Rxa4 28. Qxa4 Qxb2 29. Be1 Rxc3 30. Bxc3 Qxc3 31. Qxa7 Qc6 32. Qb8 Qd6 33. Qxd6 Bxd6 34. Bb5 f5 35. Bc6 Kg7 36. Bxd5 Kf6 37. Kg2 h5 38. Bc6 Kg5 39. Be8 Bb4 40. Bf7 Kf6 41. Be8 Kg5 42. f3 exf3+ 43. Kxf3 Bd6 44. Bf7 Kf6 45. Be8 Kg5 46. Bd7 Kf6 47. g4 hxg4+ 48. hxg4 Bf8 49. e4 fxe4+ 50. Kxe4 Ke7 51. Bc8 Kd6 52. Ba6 Be7 53. Bc4 Bd8 54. Bg8 g5 55. Kf5 Bb6 56. d5 Be3 57. Ke4 {Ke5+} 1/2-1/2

[Event "Top 12 FRA-chT 2017"]
[Site "Chartres"]
[Date "2017.05.24"]
[Round "7"]
[White "Marchadour, Emilie"]
[Black "Aflalo, Sophie"]
[Result "0-1"]
[ECO "B33"]
[WhiteElo "2097"]
[BlackElo "2135"]
[Annotator "NA"]
[PlyCount "96"]
[EventDate "2017.??.??"]
[EventType "team-tourn"]
[EventCountry "FRA"]
[SourceTitle "playchess.com"]
[Source "ChessBase"]
[SourceQuality "1"]
[WhiteTeam "Lisieux"]
[BlackTeam "Tremblay-En-France"]
[TimeControl "40/5400+30:1800+30"]

1. e4 c5 2. Nf3 Nc6 3. d4 cxd4 4. Nxd4 Nf6 5. Nc3 e5 6. Ndb5 d6 7. Bg5 a6 8. Na3 b5 9. Nd5 Be7 10. Bxf6 Bxf6 11. c4 b4 12. Nc2 O-O 13. Bd3 Bg5 14. O-O (14. h4 $5 Bh6 15. Qh5 $11) 14... a5 15. Nce3 Nd4 $11 16. f4 exf4 17. Nxf4 Nc6 18. Kh1 Ne5 19. Nfd5 Be6 20. Be2 Rb8 21. Nf5 Kh8 22. Qd4 g6 23. Nfe3 Bh6 24. Rad1 Bg7 25. Qd2 Qc8 26. b3 Qc5 27. Qe1 Rb7 28. Qh4 a4 29. Nf6 h6 30. Ned5 axb3 31. axb3 Ra7 32. Nf4 g5 33. Nxe6 fxe6 34. Qh3 Raf7 35. Ng4 Rxf1+ 36. Rxf1 Rxf1+ 37. Bxf1 Nxg4 38. Qxg4 Qf2 39. Qf3 Qc2 40. e5 dxe5 41. Qd3 Qf2 42. Qf3 Qe1 43. Qe2 Qc1 44. g3 e4 45. Kg2 e3 46. Qf3 Qd2+ 47. Kh3 Qd4 48. Bg2 g4+ 0-1

[Event "Top 12 FRA-chT 2017"]
[Site "Chartres"]
[Date "2017.05.25"]
[Round "8"]
[White "Vitoux, Colomban"]
[Black "Moucheroud, Jeremy"]
[Result "1-0"]
[ECO "A05"]
[WhiteElo "2382"]
[BlackElo "2197"]
[Annotator "NA"]
[PlyCount "79"]
[EventDate "2017.??.??"]
[EventType "team-tourn"]
[EventCountry "FRA"]
[SourceTitle "playchess.com"]
[Source "ChessBase"]
[SourceQuality "1"]
[WhiteTeam "Strasbourg"]
[BlackTeam "Montpellier"]
[TimeControl "40/5400+30:1800+30"]

1. Nf3 Nf6 2. g3 d5 3. c4 d4 4. b4 a5 5. b5 c5 6. bxc6 Nxc6 7. d3 e5 8. Bg2 Bb4+ 9. Bd2 Bc5 10. O-O O-O 11. Bc1 Qe7 12. Nbd2 h6 13. Rb1 a4 14. Ne1 Nb4 15. Ra1 Ra7 16. Nc2 Nxc2 17. Qxc2 Bd7 18. Rb1 Bc6 19. Bxc6 bxc6 20. Nf3 Re8 21. Bd2 e4 22. dxe4 Nxe4 23. Qd3 Rd7 24. Rfd1 Red8 25. Ba5 Ra8 26. Be1 Rdd8 27. Kg2 a3 28. Qc2 Qe6 29. Rb3 Ra4 30. Rc1 Nd6 31. Nd2 Qxe2 32. Rd3 Raa8 33. Nb3 Qe5 34. Bd2 Nf5 35. Re1 Qd6 36. Bf4 Qf8 37. Re5 Nh4+ 38. gxh4 Bd6 39. Re4 f5 40. Rexd4 1-0

[Event "Top 12 FRA-chT 2017"]
[Site "Chartres"]
[Date "2017.05.25"]
[Round "8"]
[White "Dubois, Jean-Marie"]
[Black "Roos, Louis"]
[Result "0-1"]
[ECO "A91"]
[WhiteElo "2255"]
[BlackElo "2346"]
[Annotator "NA"]
[PlyCount "78"]
[EventDate "2017.??.??"]
[EventType "team-tourn"]
[EventCountry "FRA"]
[SourceTitle "playchess.com"]
[Source "ChessBase"]
[SourceQuality "1"]
[WhiteTeam "Montpellier"]
[BlackTeam "Strasbourg"]
[TimeControl "40/5400+30:1800+30"]

1. d4 e6 2. c4 f5 3. g3 Nf6 4. Bg2 Be7 5. Nc3 O-O 6. Nf3 d6 7. O-O a5 8. Qc2 Nc6 9. Rd1 Qe8 10. e4 fxe4 11. Nxe4 Nxe4 12. Qxe4 Qh5 13. Be3 e5 14. Ne1 Kh8 15. dxe5 dxe5 16. Qc2 a4 17. a3 Bg4 18. Rd2 Ra6 19. Rd5 Bf6 20. Nd3 Bf5 21. Qd2 Ne7 22. Bc5 Nxd5 23. Bxf8 Nb6 24. Nb4 Ra8 25. Bc5 Rd8 26. Qc3 Rd1+ 27. Rxd1 Qxd1+ 28. Bf1 e4 29. Qc2 Qxc2 30. Nxc2 Bxb2 31. Be7 Kg8 32. c5 Nd5 33. Bc4 c6 34. Kf1 Kf7 35. Bg5 Be6 36. Be2 Nc3 37. Bd2 Nxe2 38. Kxe2 Bb3 39. Ne3 Bxa3 0-1

[Event "Top 12 FRA-chT 2017"]
[Site "Chartres"]
[Date "2017.05.25"]
[Round "8"]
[White "Bollengier, Andreea"]
[Black "Choisy, Mathilde"]
[Result "1-0"]
[ECO "E66"]
[WhiteElo "2234"]
[BlackElo "2153"]
[Annotator "NA"]
[PlyCount "61"]
[EventDate "2017.??.??"]
[EventType "team-tourn"]
[EventCountry "FRA"]
[SourceTitle "playchess.com"]
[Source "ChessBase"]
[SourceQuality "1"]
[WhiteTeam "Nice Alekhine"]
[BlackTeam "Mulhouse Philidor"]
[TimeControl "40/5400+30:1800+30"]

1. c4 Nf6 2. g3 g6 3. Bg2 Bg7 4. Nc3 O-O 5. Nf3 d6 6. O-O c5 7. d4 Nc6 8. d5 Na5 9. Nd2 a6 10. Rb1 Rb8 11. b3 b5 12. Bb2 Bh6 13. f4 Ng4 14. Qc1 Ne3 15. Rf3 Nxg2 16. Kxg2 bxc4 17. bxc4 Bf5 18. e4 Bg4 19. Rf2 Qd7 20. Nd1 Bxd1 21. Qxd1 Bg7 22. Qc2 Bxb2 23. Rxb2 Rxb2 24. Qxb2 Qa4 25. Qc3 Qxa2 26. e5 Rb8 27. exd6 exd6 28. Ne4 Qxc4 29. Nf6+ Kh8 30. Qxa5 Qd4 31. Qc7 1-0

[Event "Top 12 FRA-chT 2017"]
[Site "Chartres"]
[Date "2017.05.25"]
[Round "8"]
[White "Youssoupov, Moisse"]
[Black "Sharif, Mehrshad"]
[Result "1/2-1/2"]
[ECO "D00"]
[WhiteElo "2233"]
[BlackElo "2363"]
[Annotator "NA"]
[PlyCount "65"]
[EventDate "2017.??.??"]
[EventType "team-tourn"]
[EventCountry "FRA"]
[SourceTitle "playchess.com"]
[Source "ChessBase"]
[SourceQuality "1"]
[WhiteTeam "Montpellier"]
[BlackTeam "Strasbourg"]
[TimeControl "40/5400+30:1800+30"]

1. d4 d5 2. Bf4 c5 3. e3 Nc6 4. c3 Bf5 5. Nd2 e6 6. Ngf3 Bd6 7. Bg3 Nge7 8. dxc5 Bxc5 9. Be2 O-O 10. O-O Bg6 11. Nh4 a6 12. Nxg6 hxg6 13. e4 Bd6 14. exd5 Nxd5 15. Ne4 Bxg3 16. hxg3 Qc7 17. Re1 Rfd8 18. Qc1 Rac8 19. a3 Na5 20. Qg5 b5 21. a4 Nc4 22. axb5 axb5 23. b3 Nd6 24. Nxd6 Qxd6 25. Bxb5 Nxc3 26. Bc4 Qd4 27. Qe3 Qf6 28. Ra6 Nd5 29. Qe4 Qf5 30. Qh4 Qf6 31. Qe4 Qf5 32. Qh4 Qf6 33. Qe4 1/2-1/2

[Event "Top 12 FRA-chT 2017"]
[Site "Chartres"]
[Date "2017.05.25"]
[Round "8"]
[White "Leconte, Maria"]
[Black "Congiu, Mathilde"]
[Result "1/2-1/2"]
[ECO "A43"]
[WhiteElo "2174"]
[BlackElo "2248"]
[Annotator "NA"]
[PlyCount "103"]
[EventDate "2017.??.??"]
[EventType "team-tourn"]
[EventCountry "FRA"]
[SourceTitle "playchess.com"]
[Source "ChessBase"]
[SourceQuality "1"]
[WhiteTeam "Saint Quentin"]
[BlackTeam "Bois-Colombes"]
[TimeControl "40/5400+30:1800+30"]

1. d4 Nf6 2. Nf3 c5 3. d5 g6 4. Nc3 Bg7 5. e4 d6 6. h3 O-O 7. Be2 b5 8. Bxb5 Nxe4 9. Nxe4 Qa5+ 10. Nc3 Bxc3+ 11. bxc3 Qxb5 12. Nd2 c4 13. Qf3 Nd7 14. Rb1 Qa4 15. Rb2 Nb6 16. h4 Qd7 17. h5 Qf5 18. Rh4 Qxf3 19. Nxf3 Bb7 20. hxg6 hxg6 21. Bh6 Rfb8 22. Kd2 Bxd5 23. Rb1 Nd7 24. Rbh1 Bxf3 25. gxf3 Ne5 26. R1h3 f6 27. Be3 Kf7 28. f4 Nd7 29. Rh7+ Ke6 30. Bd4 Nb6 31. Re3+ Kf5 32. Rexe7 a5 33. Rc7 Nd5 34. Rxc4 Ra6 35. a4 Nxf4 36. Rcc7 d5 37. Ra7 Re6 38. Be3 Rb2 39. Rxa5 Ra2 40. c4 Rc6 41. Bxf4 Kxf4 42. Rh4+ Kf3 43. Rxd5 Rxa4 44. Rd3+ Kxf2 45. Rf4+ Kg2 46. Rg4+ Kh2 47. Rh4+ Kg2 48. Rg4+ Kh2 49. Rd8 Kh3 50. Rxg6 Raxc4 51. Rh8+ Rh4 52. Rf8 1/2-1/2

[Event "Top 12 FRA-chT 2017"]
[Site "Chartres"]
[Date "2017.05.25"]
[Round "8"]
[White "Steil-Antoni, Fiona"]
[Black "Guichard, Pauline"]
[Result "1-0"]
[ECO "B06"]
[WhiteElo "2155"]
[BlackElo "2312"]
[Annotator "NA"]
[PlyCount "117"]
[EventDate "2017.??.??"]
[EventType "team-tourn"]
[EventCountry "FRA"]
[SourceTitle "playchess.com"]
[Source "ChessBase"]
[SourceQuality "1"]
[WhiteTeam "Vandoeuvre"]
[BlackTeam "Clichy"]
[TimeControl "40/5400+30:1800+30"]

1. e4 g6 2. d4 Bg7 3. Nf3 d6 4. Bd3 Nc6 5. c3 e5 6. h3 Nf6 7. O-O O-O 8. Re1 h6 9. a4 Nh5 10. Bc2 exd4 11. cxd4 Nb4 12. Bb3 c5 13. Nc3 b6 14. g4 cxd4 15. Nxd4 Qh4 16. gxh5 Bxh3 17. Re3 Be5 18. hxg6 Bh2+ 19. Kxh2 Bg4+ 20. Kg1 Bxd1 21. Nxd1 d5 22. Bd2 a5 23. Bxb4 axb4 24. Bxd5 Ra5 25. gxf7+ Rxf7 26. Nf5 Qf4 27. Bxf7+ Kxf7 28. b3 Rc5 29. Nb2 Qg5+ 30. Rg3 Qf6 31. Rb1 Rc3 32. Nd3 Qe6 33. Nxb4 Rxg3+ 34. Nxg3 h5 35. Nd5 Kf8 36. Re1 h4 37. Nf5 h3 38. Re3 Qe5 39. Ng3 Ke8 40. Kh2 Qh8 41. Nf5 Qb2 42. Rf3 Qe2 43. Nh4 Qf1 44. Nxb6 Kd8 45. Nc4 Kc7 46. e5 Kd7 47. Ne3 Qa1 48. Ng4 Qe1 49. Rxh3 Qe2 50. Rg3 Ke6 51. Ng2 Qd2 52. Re3 Kf5 53. Kg3 Qd1 54. f3 Ke6 55. Nf4+ Kf5 56. e6 Qg1+ 57. Ng2 Qd1 58. e7 Qd6+ 59. Re5+ 1-0

[Event "Top 12 FRA-chT 2017"]
[Site "Chartres"]
[Date "2017.05.25"]
[Round "8"]
[White "Aflalo, Sophie"]
[Black "Maisuradze, Nino"]
[Result "0-1"]
[ECO "A01"]
[WhiteElo "2135"]
[BlackElo "2260"]
[Annotator "NA"]
[PlyCount "78"]
[EventDate "2017.??.??"]
[EventType "team-tourn"]
[EventCountry "FRA"]
[SourceTitle "playchess.com"]
[Source "ChessBase"]
[SourceQuality "1"]
[WhiteTeam "Tremblay-En-France"]
[BlackTeam "Bischwiller"]
[TimeControl "40/5400+30:1800+30"]

1. b3 d5 2. Bb2 Nf6 3. e3 c6 4. d3 Bf5 5. Nd2 Nbd7 6. f4 Qc7 7. Qf3 e6 8. h3 h6 9. g4 Bg6 10. O-O-O Bb4 11. Kb1 a5 12. c3 Bd6 13. Rh2 a4 14. Rf2 Nc5 15. Kc2 axb3+ 16. axb3 Ra2 17. Rb1 O-O 18. Qg2 Qb6 19. f5 Bh7 20. Ne2 Be7 21. Nc1 Raa8 22. h4 Nfd7 23. Qg3 Qd8 24. Nf3 exf5 25. g5 h5 26. Nd4 g6 27. Nce2 Qb8 28. Nf4 Ne5 29. Be2 Ng4 30. Bxg4 fxg4 31. Rg2 Bd6 32. Qf2 Nd7 33. Nde2 Ne5 34. Ng3 Ra2 35. Ngxh5 gxh5 36. e4 Nxd3 37. Nxd3 dxe4 38. c4 exd3+ 39. Kd1 Be5 0-1

[Event "Top 12 FRA-chT 2017"]
[Site "Chartres"]
[Date "2017.05.25"]
[Round "8"]
[White "De Seroux, Camille"]
[Black "Marchadour, Emilie"]
[Result "0-1"]
[ECO "B40"]
[WhiteElo "2117"]
[BlackElo "2097"]
[Annotator "NA"]
[PlyCount "128"]
[EventDate "2017.??.??"]
[EventType "team-tourn"]
[EventCountry "FRA"]
[SourceTitle "playchess.com"]
[Source "ChessBase"]
[SourceQuality "1"]
[WhiteTeam "Grasse Echecs"]
[BlackTeam "Lisieux"]
[TimeControl "40/5400+30:1800+30"]

1. e4 c5 2. Nf3 e6 3. Nc3 Nc6 4. Bb5 Nd4 5. O-O a6 6. Bd3 Ne7 7. Nxd4 cxd4 8. Ne2 d5 9. exd5 Nxd5 10. c3 Bd6 11. Qa4+ Bd7 12. Qxd4 Qc7 13. Qh4 g5 14. Qh6 O-O-O 15. Be4 Ne7 16. d4 f5 17. Bd3 Rdg8 18. c4 Rg6 19. Qh3 g4 20. Qh4 Nc6 21. c5 Be7 22. Qg3 Qd8 23. Bf4 h5 24. Qe3 Nb4 25. Nc3 Nxd3 26. Qxd3 Bc6 27. Rad1 Bd5 28. Qe3 Bf6 29. Rfe1 Qd7 30. Nxd5 exd5 31. Qe6 Rhg8 32. Qxd7+ Kxd7 33. Be5 Bd8 34. Rd3 b6 35. b4 Kc6 36. Rc1 Re8 37. Rdc3 Bg5 38. R1c2 Bf4 39. Re2 Rge6 40. g3 Bxe5 41. cxb6+ Kxb6 42. Rce3 Kb5 43. Rxe5 Rxe5 44. Rxe5 Rd8 45. Rxf5 Kxb4 46. Rxh5 Ka3 47. Rg5 Kxa2 48. Rxg4 Kb3 49. Rg7 Ra8 50. h4 a5 51. h5 a4 52. g4 a3 53. Re7 a2 54. Re1 a1=Q 55. Rxa1 Rxa1+ 56. Kg2 Kc4 57. g5 Kxd4 58. f4 Ke4 59. g6 Kf5 60. Kf3 Re1 61. g7 Re8 62. h6 Kg6 63. f5+ Kxh6 64. f6 Kg6 0-1